 Dungeon Crawl Stone Soup version 0.17-a0-1941-gcc30b76 (webtiles) character file.

307 Oddball22 the Ducker (level 6, 0/46 HPs)
             Began as a Demonspawn Venom Mage on Sept 30, 2015.
             Slain by Grinder (8 damage)
             ... while paralysed by Grinder
             ... on level 2 of the Dungeon.
             The game lasted 00:11:39 (3129 turns).

Oddball22 the Ducker (Demonspawn Venom Mage)        Turns: 3129, Time: 00:11:40

Health: 0/46       AC:  3    Str:  8    XL:     6   Next: 16%
Magic:  9/9        EV:  2    Int: 16    God:
Gold:   96         SH:  0    Dex: 18    Spells: 3 memorised, 3 levels left

rFire  . . .     SeeInvis .     p - +1 spear (venom)
rCold  . . .     Clarity  .     a - +0 robe
rNeg   . . .     SustAt   .     (no shield)
rPois  .         Gourm    .     (helmet restricted)
rElec  .         Spirit   .     (no cloak)
rCorr  .         Warding  .     o - +0 pair of gloves
rMut   .         Stasis   .     (no boots)
MR     .....                    (no amulet)
Stlth  +++.......               (no ring)
                                h - +2 ring of dexterity

@: paralysed, not resistant to hostile enchantments, fairly stealthy
A: horns 1, nightstalker 1
a: no special abilities


You were on level 2 of the Dungeon.
You were hungry.

You visited 1 branch of the dungeon, and saw 3 of its levels.

You collected 96 gold pieces.

Inventory:

Hand weapons
 p - a +1 spear of venom (weapon)
Armour
 a - a +0 robe (worn)
 o - a +0 pair of gloves (worn)
Jewellery
 h - a +2 ring of dexterity (left hand)
Scrolls
 e - a scroll of enchant weapon {unknown}
 g - 3 scrolls of remove curse {unknown}
 i - 2 scrolls of identify {unknown}
 j - a scroll of noise {unknown}
 k - 4 scrolls of enchant armour {unknown}
 n - a scroll of teleportation {unknown}
Books
 b - a Young Poisoner's Handbook

   Spells                             Type                      Level
   a - Sting                          Conjuration/Poison           1
   b - Cure Poison                    Poison                       2
   c - Mephitic Cloud                 Conjuration/Poison/Air       3
   d - Olgreb's Toxic Radiance        Poison                       4
   e - Venom Bolt                     Conjuration/Poison           5
Comestibles
 c - 3 bread rations
 d - 5 fruits


   Skills:
 + Level 2.4 Fighting
 + Level 2.6 Armour
 * Level 4.5 Dodging
 - Level 1.7 Stealth
 - Level 2.0 Spellcasting
 - Level 4.0 Poison Magic


You had 3 spell levels left.
You knew the following spells:

 Your Spells              Type           Power        Failure   Level  Hunger
a - Sting                 Conj/Pois      #...         10%         1    #......
b - Cure Poison           Pois           ##........   8%          2    ###....
c - Mephitic Cloud        Conj/Pois/Air  #.......     38%         3    ###....


Dungeon Overview and Level Annotations

Branches:
Dungeon (3/15)

Altars:
Xom
Zin

Annotations:
D:2 Grinder
D:3 kinazarov's ghost, average VSMo


Innate Abilities, Weirdness & Mutations

You have a pair of small horns on your head.
You are slightly more attuned to the shadows.


Message History

Level annotation: Grinder Grinder gestures at you.
You barely resist.
There is a stone staircase leading up, spattered with blood here.
Grinder gestures at you.
You barely resist.
You see here a bat corpse.
You butcher the bat corpse.
Grinder gestures at you.
You suddenly lose the ability to move!
Grinder hits you.
You writhe in agony.
Grinder hits you but does no damage. Grinder hits you.
You writhe in agony.
Grinder says, "I used to sell toenails on the black market."
Grinder hits you.
* * * LOW HITPOINT WARNING * * *
You writhe in agony.
* * * LOW HITPOINT WARNING * * *
Grinder hits you!
You die...

..##......##............####.#.##
..##.......#....####.........#.#.
...........#....####.........#.รท.
..........[......................
...........#....####.............
.........###...............#.....
.........# #.....................
.........# #....<................
.........###....@................
....##>..........5...............
.........###...........##........
...........###.........##........
...........# #.#.......##.##.....
...........###...................
..............##.................
..............##....##......###..
....####............#.....### #..


You could see Grinder.

Vanquished Creatures
  Sigmund (D:2)
  2 iguanas
  Jessica (D:2)
  An adder (D:2)
  An ooze (D:1)
  3 worms
  3 orcs
  3 giant cockroaches
  5 hobgoblins
  9 bats
  3 giant newts
  5 goblins (D:1)
  9 kobolds
  8 rats
54 creatures vanquished.

Notes
Turn   | Place    | Note
--------------------------------------------------------------
     0 | D:1      | Oddball22 the Demonspawn Venom Mage began the quest for the Orb.
     0 | D:1      | Reached XP level 1. HP: 13/13 MP: 3/3
   236 | D:1      | Gained mutation: You are slightly more attuned to the shadows. [demonic ancestry]
   236 | D:1      | Reached XP level 2. HP: 20/20 MP: 3/5
   371 | D:1      | Reached skill level 1 in Armour
   982 | D:2      | Noticed Sigmund
   996 | D:2      | Noticed Jessica
  1006 | D:2      | Killed Jessica
  1006 | D:2      | Reached skill level 1 in Fighting
  1006 | D:2      | Reached XP level 3. HP: 14/26 MP: 0/6
  1464 | D:1      | Reached XP level 4. HP: 32/32 MP: 3/7
  1628 | D:2      | Found a glowing silver altar of Zin.
  1631 | D:2      | Noticed an angel
  1714 | D:2      | Found a shimmering altar of Xom.
  2131 | D:2      | Learned a level 2 spell: Cure Poison
  2135 | D:2      | Learned a level 3 spell: Mephitic Cloud
  2352 | D:3      | Gained mutation: You have a pair of small horns on your head. [demonic ancestry]
  2352 | D:3      | Reached XP level 5. HP: 38/38 MP: 8/8
  2357 | D:3      | Noticed kinazarov's ghost (average VSMo)
  2573 | D:2      | Killed Sigmund
  2573 | D:2      | Reached XP level 6. HP: 24/46 MP: 6/9
  2719 | D:3      | Noticed Grinder
  3123 | D:2      | Paralysed by Grinder for 7 turns
  3129 | D:2      | Slain by Grinder

Vault maps used:
D:1:      scummos_arrival_hexagon, st_stairs_8, minmay_misc_feat_ornament,
          supply_closet_lemuel
D:2:      grunt_temple_overflow_order_and_chaos_1, uniq_sigmund, uniq_jessica
D:3:      first_bread, uniq_iyjb, uniq_grinder

Action                   |  1- 3 |  4- 6 || total
-------------------------+-------+-------++-------
Melee: Unarmed           |     3 |       ||     3
       Dagger            |    31 |     9 ||    40
       Spear             |       |    84 ||    84
 Cast: Sting             |    42 |    29 ||    71
  Use: Potion            |       |     3 ||     3
 Stab: Sleeping          |       |     4 ||     4
  Eat: Chunk             |     1 |     6 ||     7
       Fruit             |     1 |       ||     1
